| TOP OF THE 1ST |
|
Lowell Spinners batting - Pitching for Everett AquaSox : LHP Kevin Roberts
|
|
Pitching: LHP Kevin Roberts
|
|
|
Batting: RHB Andy Garvin
|
0-0: Ball 1-0: Swinging Strike 1-1: Ground out 6-3 (Groundball, 6M, EV 102.5 MPH)
|
|
Batting: RHB Sal Rivera
|
0-0: Ball 1-0: Ball 2-0: Ball 3-0: Base on Balls
|
|
Batting: LHB Frank Olivo
|
0-0: Ball 1-0: Called Strike 1-1: Fly out, F8 (Flyball, 8LD, EV 88.1 MPH)
|
|
Batting: RHB Alex Cardenas
|
0-0: Ball Sal Rivera steals 2nd base 1-0: Swinging Strike 1-1: DOUBLE (Line Drive, 9LS, EV 105.0 MPH) Sal Rivera scores
|
|
Batting: RHB Paul Long
|
0-0: Hit by Pitch
|
|
Batting: LHB Sergio Tinoco
|
0-0: DOUBLE (Line Drive, 78M, EV 108.8 MPH) Alex Cardenas scores Paul Long to third
|
|
Batting: RHB Travis Campbell
|
0-0: Ball 1-0: Ball Wild Pitch! Paul Long scores Sergio Tinoco to third 2-0: Ball 3-0: Called Strike 3-1: Swinging Strike 3-2: Foul Ball, location: 2F 3-2: Fly out, F8 (Flyball, 8RD, EV 79.4 MPH)
|
| Top of the 1st over - 3 runs, 2 hits, 0 errors, 1 left on base; Lowell 3 - Everett 0 |
| BOTTOM OF THE 1ST |
|
Everett AquaSox batting - Pitching for Lowell Spinners : RHP Graham Jackson
|
|
Pitching: RHP Graham Jackson
|
|
|
Batting: RHB Mike Conaway
|
0-0: Called Strike 0-1: Ball 1-1: Ball 2-1: Swinging Strike 2-2: Ball 3-2: Foul Ball, location: 2F 3-2: Strikes out swinging
|
|
Batting: RHB Enrique Valdez
|
0-0: TRIPLE (Groundball, 5L, EV 110.0 MPH)
|
|
Batting: SHB Hatsuo Miura
|
0-0: Ball 1-0: Ball 2-0: SINGLE (Groundball, 34D, EV 111.9 MPH) Enrique Valdez scores
|
|
Batting: RHB Ben Alspach
|
0-0: Called Strike 0-1: Fly out, F7 (Flyball, 7S, EV 76.9 MPH)
|
|
Batting: LHB Justin Long
|
0-0: Foul Ball, location: 2F 0-1: Called Strike 0-2: Ball 1-2: Ball 2-2: Ball 3-2: Fly out, F7 (Line Drive, 7, EV 95.6 MPH)
|
| Bottom of the 1st over - 1 run, 2 hits, 0 errors, 1 left on base; Lowell 3 - Everett 1 |
| TOP OF THE 2ND |
|
Lowell Spinners batting - Pitching for Everett AquaSox : LHP Kevin Roberts
|
|
Batting: RHB Dominique Paolozzi
|
0-0: Ball 1-0: Called Strike 1-1: Ball 2-1: Ball 3-1: Foul Ball, location: 2F 3-2: Foul Ball, location: 2F 3-2: Base on Balls
|
|
Batting: RHB Joe Sandoval
|
0-0: Swinging Strike 0-1: Ball 1-1: Swinging Strike 1-2: Strikes out swinging
|
|
Batting: RHB Andy Garvin
|
0-0: Ball 1-0: Swinging Strike 1-1: Ball Wild Pitch! Dominique Paolozzi to second 2-1: TRIPLE (Flyball, 89XD, EV 93.8 MPH) Dominique Paolozzi scores
|
|
Batting: RHB Sal Rivera
|
0-0: Foul Ball, location: 2F 0-1: Called Strike 0-2: Ball 1-2: Foul Ball, location: 2F 1-2: Fly out, F9 (Flyball, 9, EV 85.0 MPH)
|
|
Batting: LHB Frank Olivo
|
0-0: Swinging Strike 0-1: Ground out 5-3 (Groundball, 5, EV 85.0 MPH)
|
| Top of the 2nd over - 1 run, 1 hit, 0 errors, 1 left on base; Lowell 4 - Everett 1 |
| BOTTOM OF THE 2ND |
|
Everett AquaSox batting - Pitching for Lowell Spinners : RHP Graham Jackson
|
|
Batting: RHB Hideo Okimura
|
0-0: Called Strike 0-1: Ball 1-1: Ball 2-1: Ground out 4-3 (Groundball, 4, EV 108.1 MPH)
|
|
Batting: SHB Charlie Diesel
|
0-0: Ball 1-0: DOUBLE (Groundball, 3L, EV 101.2 MPH)
|
|
Batting: LHB Josh Kirk
|
0-0: Foul Ball, location: 2F 0-1: Fly out, F7 (Line Drive, 7, EV 97.5 MPH)
|
|
Batting: RHB Ben Herman
|
0-0: Swinging Strike 0-1: Ground out U3 (Groundball, 34, EV 87.5 MPH)
|
| Bottom of the 2nd over - 0 runs, 1 hit, 0 errors, 1 left on base; Lowell 4 - Everett 1 |
| TOP OF THE 3RD |
|
Lowell Spinners batting - Pitching for Everett AquaSox : LHP Kevin Roberts
|
|
Batting: RHB Alex Cardenas
|
0-0: Ball 1-0: SINGLE (Flyball, 8RS, EV 93.1 MPH)
|
|
Batting: RHB Paul Long
|
0-0: Ball 1-0: Ball 2-0: Foul Ball, location: 2F 2-1: Ball 3-1: Base on Balls Alex Cardenas to second
|
|
Batting: LHB Sergio Tinoco
|
0-0: Ball 1-0: TRIPLE (Line Drive, 8LXD, EV 107.5 MPH) Alex Cardenas scores Paul Long scores
|
|
Pitching: RHP Jose Acevedo
|
|
|
Batting: RHB Travis Campbell
|
0-0: Called Strike 0-1: Ball 1-1: Foul Ball, location: 2F 1-2: Strikes out looking
|
|
Batting: RHB Dominique Paolozzi
|
0-0: Foul Ball, location: 2F 0-1: Swinging Strike 0-2: Ball 1-2: Ball 2-2: Foul Ball, location: 2F 2-2: Strikes out looking
|
|
Batting: RHB Joe Sandoval
|
0-0: Ball 1-0: Swinging Strike 1-1: Ball 2-1: Ball 3-1: Foul Ball, location: 2F 3-2: Foul Ball, location: 2F 3-2: Foul Ball, location: 2F 3-2: Foul Ball, location: 2F 3-2: Foul Ball, location: 2F 3-2: Base on Balls
|
|
Batting: RHB Andy Garvin
|
0-0: Ball 1-0: Swinging Strike 1-1: Ball 2-1: Swinging Strike 2-2: Foul Ball, location: 2F 2-2: Fly out, F6 (Popup, P, EV 78.1 MPH)
|
| Top of the 3rd over - 2 runs, 2 hits, 0 errors, 2 left on base; Lowell 6 - Everett 1 |
| BOTTOM OF THE 3RD |
|
Everett AquaSox batting - Pitching for Lowell Spinners : RHP Graham Jackson
|
|
Batting: RHB Mike Conaway
|
0-0: Foul Ball, location: 2F 0-1: Swinging Strike 0-2: Ball 1-2: Strikes out looking
|
|
Batting: RHB Enrique Valdez
|
0-0: Called Strike 0-1: Hit by Pitch
|
|
Batting: SHB Hatsuo Miura
|
0-0: Ball 1-0: Ball 2-0: Ground out U3 (Groundball, 34S, EV 70.6 MPH) Enrique Valdez to second
|
|
Batting: RHB Ben Alspach
|
0-0: Foul Ball, location: 2F 0-1: Swinging Strike 0-2: Ball Wild Pitch! Enrique Valdez to third 1-2: Strikes out swinging
|
| Bottom of the 3rd over - 0 runs, 0 hits, 0 errors, 1 left on base; Lowell 6 - Everett 1 |
| TOP OF THE 4TH |
|
Lowell Spinners batting - Pitching for Everett AquaSox : RHP Jose Acevedo
|
|
Batting: RHB Sal Rivera
|
0-0: Swinging Strike 0-1: Called Strike 0-2: Foul Ball, location: 2F 0-2: Foul Ball, location: 2F 0-2: Ball 1-2: Strikes out swinging
|
|
Batting: LHB Frank Olivo
|
0-0: Ball 1-0: Swinging Strike 1-1: Foul Ball, location: 2F 1-2: Foul Ball, location: 2F 1-2: Ball 2-2: Foul Ball, location: 2F 2-2: Strikes out swinging
|
|
Batting: RHB Alex Cardenas
|
0-0: Called Strike 0-1: Ball 1-1: Ground out 5-3 (Groundball, 56, EV 90.6 MPH)
|
| Top of the 4th over - 0 runs, 0 hits, 0 errors, 0 left on base; Lowell 6 - Everett 1 |
| BOTTOM OF THE 4TH |
|
Everett AquaSox batting - Pitching for Lowell Spinners : RHP Graham Jackson
|
|
Batting: LHB Justin Long
|
0-0: Foul Ball, location: 2F 0-1: Called Strike 0-2: Ball 1-2: Strikes out swinging
|
|
Batting: RHB Hideo Okimura
|
0-0: Ball 1-0: Ball 2-0: Foul Ball, location: 2F 2-1: Called Strike 2-2: Strikes out swinging
|
|
Batting: SHB Charlie Diesel
|
0-0: Ball 1-0: Ground out 6-3 (Groundball, 6, EV 89.4 MPH)
|
| Bottom of the 4th over - 0 runs, 0 hits, 0 errors, 0 left on base; Lowell 6 - Everett 1 |
| TOP OF THE 5TH |
|
Lowell Spinners batting - Pitching for Everett AquaSox : RHP Jose Acevedo
|
|
Batting: RHB Paul Long
|
0-0: Foul Ball, location: 2F 0-1: Ball 1-1: Swinging Strike 1-2: Strikes out swinging
|
|
Batting: LHB Sergio Tinoco
|
0-0: Ball 1-0: Called Strike 1-1: Ball 2-1: Swinging Strike 2-2: Foul Ball, location: 2F 2-2: Ball 3-2: Foul Ball, location: 2F 3-2: Foul Ball, location: 2F 3-2: Base on Balls
|
|
Pitching: RHP Jason Childress
|
|
|
Batting: RHB Travis Campbell
|
0-0: Ball Sergio Tinoco steals 2nd base 1-0: Foul Ball, location: 2F 1-1: Called Strike 1-2: Strikes out swinging
|
|
Batting: RHB Dominique Paolozzi
|
0-0: Swinging Strike 0-1: Ball 1-1: Ball 2-1: Ball 3-1: Foul Ball, location: 2F 3-2: Fly out, F6 (Line Drive, 6, EV 66.9 MPH)
|
| Top of the 5th over - 0 runs, 0 hits, 0 errors, 1 left on base; Lowell 6 - Everett 1 |
| BOTTOM OF THE 5TH |
|
Everett AquaSox batting - Pitching for Lowell Spinners : RHP Graham Jackson
|
|
Batting: LHB Josh Kirk
|
0-0: Foul Ball, location: 2F 0-1: Called Strike 0-2: Ball 1-2: Ball 2-2: Foul Ball, location: 2F 2-2: Ball 3-2: Strikes out looking
|
|
Batting: RHB Ben Herman
|
0-0: Called Strike 0-1: Swinging Strike 0-2: Strikes out looking
|
|
Batting: RHB Mike Conaway
|
0-0: Ball 1-0: Ball 2-0: Called Strike 2-1: Ball 3-1: Called Strike 3-2: Base on Balls
|
|
Batting: RHB Enrique Valdez
|
0-0: Ball 1-0: Ball 2-0: Ball 3-0: Base on Balls Mike Conaway to second
|
|
Batting: SHB Hatsuo Miura
|
0-0: Called Strike 0-1: Ball 1-1: Ball 2-1: Called Strike 2-2: Ball 3-2: Base on Balls Mike Conaway to third Enrique Valdez to second
|
|
Batting: RHB Ben Alspach
|
0-0: Ball 1-0: Fly out, F3 (Popup, 3, EV 72.5 MPH)
|
| Bottom of the 5th over - 0 runs, 0 hits, 0 errors, 3 left on base; Lowell 6 - Everett 1 |
| TOP OF THE 6TH |
|
Lowell Spinners batting - Pitching for Everett AquaSox : RHP Jason Childress
|
|
Batting: RHB Joe Sandoval
|
0-0: Called Strike 0-1: Ball 1-1: Ground out 5-3 (Groundball, 56, EV 103.1 MPH)
|
|
Batting: RHB Andy Garvin
|
0-0: Called Strike 0-1: Ball 1-1: Ball 2-1: Fly out, F3 (Popup, 3F, EV 68.1 MPH)
|
|
Batting: RHB Sal Rivera
|
0-0: Called Strike 0-1: Swinging Strike 0-2: Strikes out swinging
|
| Top of the 6th over - 0 runs, 0 hits, 0 errors, 0 left on base; Lowell 6 - Everett 1 |
| BOTTOM OF THE 6TH |
|
Everett AquaSox batting - Pitching for Lowell Spinners : RHP Graham Jackson
|
|
Batting: LHB Justin Long
|
0-0: Ball 1-0: Called Strike 1-1: Called Strike 1-2: Strikes out swinging
|
|
Pitching: RHP Victor Fuentes
|
|
|
Batting: RHB Hideo Okimura
|
0-0: Ball 1-0: Ball 2-0: Called Strike 2-1: Called Strike 2-2: Ball 3-2: Foul Ball, location: 2F 3-2: Foul Ball, location: 2F 3-2: SINGLE (Groundball, 4MD, EV 96.9 MPH)
|
|
Batting: SHB Charlie Diesel
|
0-0: Swinging Strike 0-1: Ball 1-1: Foul Ball, location: 2F 1-2: Foul Ball, location: 2F 1-2: Strikes out looking
|
|
Batting: LHB Josh Kirk
|
0-0: Ball 1-0: Called Strike 1-1: DOUBLE (Groundball, 5L, EV 107.5 MPH) Hideo Okimura to third Runner from 3rd tries for Home, SAFE, throw by LF to trailing runner, OUT at third! 7-3-5
|
| Bottom of the 6th over - 1 run, 2 hits, 0 errors, 0 left on base; Lowell 6 - Everett 2 |
| TOP OF THE 7TH |
|
Lowell Spinners batting - Pitching for Everett AquaSox : RHP Jason Childress
|
|
Pitching: RHP Aaron Black
|
|
|
Batting: LHB Frank Olivo
|
0-0: Ball 1-0: Foul Ball, location: 2F 1-1: Ball 2-1: Swinging Strike 2-2: Strikes out swinging
|
|
Batting: RHB Alex Cardenas
|
0-0: Foul Ball, location: 2F 0-1: Ground out 4-3 (Groundball, 4, EV 100.0 MPH)
|
|
Batting: RHB Paul Long
|
0-0: Ball 1-0: Ball 2-0: Foul Ball, location: 2F 2-1: Foul Ball, location: 2F 2-2: Strikes out looking
|
| Top of the 7th over - 0 runs, 0 hits, 0 errors, 0 left on base; Lowell 6 - Everett 2 |
| BOTTOM OF THE 7TH |
|
Everett AquaSox batting - Pitching for Lowell Spinners : RHP Victor Fuentes
|
|
Pitching: LHP Chris Woodruff
|
|
|
Batting: RHB Ben Herman
|
0-0: Ball 1-0: Called Strike 1-1: Ground out 4-3 (Groundball, 4, EV 111.2 MPH)
|
|
Batting: RHB Mike Conaway
|
0-0: Swinging Strike 0-1: Ball 1-1: Ball 2-1: Swinging Strike 2-2: Foul Ball, location: 2F 2-2: Foul Ball, location: 2F 2-2: Foul Ball, location: 2F 2-2: Ball 3-2: Ground out 5-3 (Groundball, 56, EV 107.5 MPH)
|
|
Batting: RHB Enrique Valdez
|
0-0: Ball 1-0: Ball 2-0: Swinging Strike 2-1: Ball 3-1: SINGLE (Groundball, 6MD, EV 104.4 MPH)
|
|
Batting: SHB Hatsuo Miura
|
0-0: Fly out, F3 (Popup, 3, EV 65.6 MPH)
|
| Bottom of the 7th over - 0 runs, 1 hit, 0 errors, 1 left on base; Lowell 6 - Everett 2 |
| TOP OF THE 8TH |
|
Lowell Spinners batting - Pitching for Everett AquaSox : RHP Aaron Black
|
|
Batting: LHB Sergio Tinoco
|
0-0: Ball 1-0: Ball 2-0: Called Strike 2-1: Foul Ball, location: 2F 2-2: Strikes out swinging
|
|
Batting: RHB Travis Campbell
|
0-0: Ball 1-0: Swinging Strike 1-1: Swinging Strike 1-2: Foul Ball, location: 2F 1-2: Strikes out swinging
|
|
Batting: RHB Dominique Paolozzi
|
0-0: SINGLE (Line Drive, 78S, EV 90.0 MPH)
|
|
Batting: RHB Joe Sandoval
|
0-0: Foul Ball, location: 2F 0-1: Ground out 4-3 (Groundball, 4, EV 83.1 MPH)
|
| Top of the 8th over - 0 runs, 1 hit, 0 errors, 1 left on base; Lowell 6 - Everett 2 |
| BOTTOM OF THE 8TH |
|
Everett AquaSox batting - Pitching for Lowell Spinners : LHP Chris Woodruff
|
|
Pitching: LHP Mark Palomo
|
|
|
Batting: RHB Ben Alspach
|
0-0: Ball 1-0: Ball 2-0: Ball 3-0: Base on Balls
|
|
Batting: LHB Justin Long
|
0-0: Ball 1-0: Ball 2-0: Ball 3-0: 2-RUN HOME RUN (Flyball, 8LXD, EV 111.2 MPH), Distance : 443 ft
|
|
Batting: RHB Hideo Okimura
|
0-0: Ball 1-0: Ball 2-0: Foul Ball, location: 2F 2-1: Fly out, F8 (Flyball, 89D, EV 100.6 MPH)
|
|
Batting: SHB Charlie Diesel
|
0-0: Ball 1-0: Ball 2-0: Ground out 4-3 (Groundball, 4M, EV 89.4 MPH)
|
|
Pinch Hitting: RHB Tomokazu Sugimoto
|
0-0: Ball 1-0: SINGLE (Groundball, 25, EV 66.9 MPH) (infield hit)
|
|
Batting: RHB Ben Herman
|
0-0: Called Strike 0-1: Ground out 4-3 (Groundball, 34, EV 102.5 MPH)
|
| Bottom of the 8th over - 2 runs, 2 hits, 0 errors, 1 left on base; Lowell 6 - Everett 4 |
| TOP OF THE 9TH |
|
Lowell Spinners batting - Pitching for Everett AquaSox : RHP Aaron Black
|
|
Pitching: LHP Mitch Lewis
|
|
|
Now at SS: Tomokazu Sugimoto
|
|
|
Batting: RHB Andy Garvin
|
0-0: Foul Ball, location: 2F 0-1: Ball 1-1: Ball 2-1: Fly out, F9 (Flyball, 9, EV 90.6 MPH)
|
|
Batting: RHB Sal Rivera
|
0-0: Ball 1-0: Hit by Pitch
|
|
Batting: LHB Frank Olivo
|
0-0: Called Strike 0-1: Foul Ball, location: 2F 0-2: Ball 1-2: Foul Ball, location: 2F 1-2: Foul Ball, location: 2F 1-2: SINGLE (Groundball, 4MD, EV 107.5 MPH) Sal Rivera to second
|
|
Batting: RHB Alex Cardenas
|
0-0: Foul Ball, location: 2F 0-1: Fielders Choice at 2nd, 3-6 (Groundball, 34S, EV 83.8 MPH) Sal Rivera to third
|
|
Batting: RHB Paul Long
|
0-0: Called Strike 0-1: Foul Ball, location: 2F 0-2: Fly out, F7 (Flyball, 7D, EV 96.2 MPH)
|
| Top of the 9th over - 0 runs, 1 hit, 0 errors, 2 left on base; Lowell 6 - Everett 4 |
| BOTTOM OF THE 9TH |
|
Everett AquaSox batting - Pitching for Lowell Spinners : LHP Mark Palomo
|
|
Pitching: RHP Paul Carter
|
|
|
Batting: RHB Mike Conaway
|
0-0: Ball 1-0: Called Strike 1-1: Swinging Strike 1-2: Ball 2-2: Fly out, F8 (Line Drive, 8LM, EV 96.2 MPH)
|
|
Batting: RHB Enrique Valdez
|
0-0: Hit by Pitch
|
|
Batting: SHB Hatsuo Miura
|
0-0: Ball 1-0: Ball 2-0: Ball 3-0: Called Strike 3-1: 2-RUN HOME RUN (Line Drive, 9D, EV 98.8 MPH), Distance : 365 ft
|
|
Batting: RHB Ben Alspach
|
0-0: Called Strike 0-1: Swinging Strike 0-2: Ball 1-2: Ball 2-2: Strikes out swinging
|
|
Batting: LHB Justin Long
|
0-0: Ball 1-0: Called Strike 1-1: Fly out, F8 (Flyball, 8RXD, EV 90.0 MPH)
|
| Bottom of the 9th over - 2 runs, 1 hit, 0 errors, 0 left on base; Lowell 6 - Everett 6 |
| TOP OF THE 10TH |
|
Lowell Spinners batting - Pitching for Everett AquaSox : LHP Mitch Lewis
|
|
Batting: LHB Sergio Tinoco
|
0-0: Ball 1-0: Called Strike 1-1: Swinging Strike 1-2: Ground out U3 (Groundball, 3, EV 80.6 MPH)
|
|
Batting: RHB Travis Campbell
|
0-0: Ball 1-0: Ground out 6-3 (Groundball, 6, EV 86.2 MPH)
|
|
Batting: RHB Dominique Paolozzi
|
0-0: Ball 1-0: Ball 2-0: Ball 3-0: Called Strike 3-1: Ground out 5-3 (Groundball, 56S, EV 82.5 MPH)
|
| Top of the 10th over - 0 runs, 0 hits, 0 errors, 0 left on base; Lowell 6 - Everett 6 |
| BOTTOM OF THE 10TH |
|
Everett AquaSox batting - Pitching for Lowell Spinners : RHP Paul Carter
|
|
Batting: RHB Hideo Okimura
|
0-0: Ball 1-0: Ball 2-0: Ground out 5-3 (Groundball, 5S, EV 82.5 MPH)
|
|
Batting: SHB Charlie Diesel
|
0-0: Ground out U3 (Groundball, 3, EV 85.0 MPH)
|
|
Batting: RHB Tomokazu Sugimoto
|
0-0: Ball 1-0: Ball 2-0: Called Strike 2-1: Foul Ball, location: 2F 2-2: Strikes out looking
|
| Bottom of the 10th over - 0 runs, 0 hits, 0 errors, 0 left on base; Lowell 6 - Everett 6 |
| TOP OF THE 11TH |
|
Lowell Spinners batting - Pitching for Everett AquaSox : LHP Mitch Lewis
|
|
Batting: RHB Joe Sandoval
|
0-0: Fly out, F8 (Flyball, 8RD, EV 79.4 MPH)
|
|
Batting: RHB Andy Garvin
|
0-0: Foul Ball, location: 2F 0-1: Swinging Strike 0-2: Strikes out swinging
|
|
Batting: RHB Sal Rivera
|
0-0: Called Strike 0-1: Swinging Strike 0-2: Strikes out looking
|
| Top of the 11th over - 0 runs, 0 hits, 0 errors, 0 left on base; Lowell 6 - Everett 6 |
| BOTTOM OF THE 11TH |
|
Everett AquaSox batting - Pitching for Lowell Spinners : RHP Paul Carter
|
|
Pinch Hitting: LHB Taki Matsui
|
0-0: Ball 1-0: Foul Ball, location: 2F 1-1: Foul Ball, location: 2F 1-2: Strikes out swinging
|
|
Batting: RHB Mike Conaway
|
0-0: Ball 1-0: Called Strike 1-1: Ball 2-1: Foul Ball, location: 2F 2-2: Ball 3-2: Strikes out looking
|
|
Batting: RHB Enrique Valdez
|
0-0: Called Strike 0-1: Ball 1-1: Ball 2-1: Foul Ball, location: 2F 2-2: Strikes out swinging
|
| Bottom of the 11th over - 0 runs, 0 hits, 0 errors, 0 left on base; Lowell 6 - Everett 6 |
| TOP OF THE 12TH |
|
Lowell Spinners batting - Pitching for Everett AquaSox : LHP Mitch Lewis
|
|
Now in CF: Houston Brock
|
|
|
Batting: LHB Frank Olivo
|
0-0: Called Strike 0-1: Foul Ball, location: 2F 0-2: Foul Ball, location: 2F 0-2: Ball 1-2: Ball 2-2: Fly out, F8 (Flyball, 78D, EV 101.9 MPH)
|
|
Batting: RHB Alex Cardenas
|
0-0: Ball 1-0: Swinging Strike 1-1: Ball 2-1: Swinging Strike 2-2: Strikes out swinging
|
|
Batting: RHB Paul Long
|
0-0: Ball 1-0: Swinging Strike 1-1: Fly out, F7 (Flyball, 78S, EV 88.8 MPH)
|
| Top of the 12th over - 0 runs, 0 hits, 0 errors, 0 left on base; Lowell 6 - Everett 6 |
| BOTTOM OF THE 12TH |
|
Everett AquaSox batting - Pitching for Lowell Spinners : RHP Paul Carter
|
|
Pitching: LHP Neil Palazzo
|
|
|
Batting: SHB Hatsuo Miura
|
0-0: Ball 1-0: Ball 2-0: Called Strike 2-1: Foul Ball, location: 2F 2-2: Ball 3-2: Base on Balls
|
|
Batting: RHB Ben Alspach
|
0-0: Ball 1-0: Called Strike 1-1: Foul Ball, location: 2F 1-2: Ball 2-2: Ball 3-2: Base on Balls Hatsuo Miura to second
|
|
Pinch Hitting: RHB Josh O'Neal
|
0-0: SINGLE (Line Drive, 7S, EV 100.0 MPH) Hatsuo Miura to third Ben Alspach to second Runner from 3rd tries for Home, SAFE, throw by LF to home
|
| Bottom of the 12th over - 1 run, 1 hit, 0 errors, 2 left on base; Lowell 6 - Everett 7 |
|